[ AOE2 MATCH · #505767818 ]
UnrankedBohemians vs Goths
Player's team · WIN
Rival team · LOSS
[ REPLAY ANALYSIS · EXTRACTED FROM THE RECORDED GAME ]
Feudal
10:56
Castle
19:16
Imperial
—
| APM avg | 48.4 |
| APM peak | 115 |
| eAPM avg | 23.2 |
| Villagers / military | 41 / 0 |
Focus
⚔️ 12.8% · 🌾 87.2%
Feudal
—
Castle
—
Imperial
—
| APM avg | 42.6 |
| APM peak | 79 |
| eAPM avg | 24.7 |
| Villagers / military | 60 / 10 |
Focus
⚔️ 41.1% · 🌾 58.9%
Militia ×10
Match map
Initial resources + every placement click. Lines = walls · curves = elevation contours. ◆ gold · ⬟ stone · ● berries · ✦ relic · ◌ wall gap
Your base· ✓ Closed at 19:16 · 8t walls · 3 gate(s)
Donald J Trump's base· ✓ Closed at 12:00 · 0t walls · 2 gate(s)
Smoothed initial terrain · ◌ = detected wall gap · hover for details
Inputs per minute
— DeliManyak - - Donald J Trump
Build order — DeliManyak
94 actions detected in the replay
| 0:01 | Queue | Villager (Male) |
| 0:01 | Queue | Villager (Male) |
| 0:01 | Queue | Villager (Male) |
| 0:01 | Queue | Villager (Male) |
| 0:02 | Queue | Villager (Male) |
| 0:02 | Queue | Villager (Male) |
| 0:03 | Build | House |
| 0:04 | Build | House |
| 0:13 | Research | Loom |
| 1:39 | Queue | Villager (Male) |
| 2:21 | Queue | Villager (Male) |
| 2:21 | Queue | Villager (Male) |
| 2:22 | Queue | Villager (Male) |
| 2:22 | Queue | Villager (Male) |
| 2:24 | Queue | Villager (Male) |
| 2:24 | Queue | Villager (Male) |
| 2:24 | Queue | Villager (Male) |
| 2:24 | Queue | Villager (Male) |
| 2:51 | Queue | Villager (Male) |
| 3:35 | Build | House |
| 3:36 | Build | Lumber Camp |
| 3:40 | Queue | Villager (Male) |
| 3:40 | Queue | Villager (Male) |
| 3:54 | Queue | Villager (Male) |
| 3:55 | Queue | Villager (Male) |
| 3:55 | Queue | Villager (Male) |
| 3:55 | Queue | Villager (Male) |
| 4:07 | Queue | Villager (Male) |
| 4:48 | Queue | Villager (Male) |
| 4:48 | Queue | Villager (Male) |
| 4:48 | Queue | Villager (Male) |
| 4:48 | Queue | Villager (Male) |
| 5:18 | Build | House |
| 5:53 | Queue | Villager (Male) |
| 6:13 | Queue | Villager (Male) |
| 6:13 | Queue | Villager (Male) |
| 6:25 | Queue | Villager (Male) |
| 6:30 | Build | Mill |
| 6:44 | Queue | Villager (Male) |
| 7:10 | Queue | Villager (Male) |
| 7:28 | Build | Mill |
| 8:32 | Build | Mining Camp |
| 8:40 | Research | Feudal Age |
| 8:40 | Research | Feudal Age |
| 9:47 | Queue | Villager (Male) |
| 10:56 | Age | Feudal Age |
| 11:01 | Queue | Villager (Male) |
| 11:03 | Build | Market |
| 11:06 | Build | Blacksmith |
| 11:12 | Queue | Villager (Male) |
| 11:17 | Build | Palisade Wall |
| 11:21 | Build | Palisade Wall |
| 11:34 | Build | Farm |
| 11:36 | Build | Farm |
| 11:59 | Build | House |
| 12:02 | Queue | Villager (Male) |
| 12:12 | Build | House |
| 12:31 | Build | House |
| 12:37 | Build | Farm |
| 12:38 | Build | Farm |
| 12:38 | Build | Farm |
| 12:38 | Build | Farm |
| 12:39 | Build | Farm |
| 12:53 | Build | House |
| 12:59 | Queue | Villager (Male) |
| 13:25 | Build | Mining Camp |
| 13:27 | Queue | Villager (Male) |
| 13:34 | Build | Farm |
| 13:54 | Queue | Villager (Male) |
| 14:12 | Build | Farm |
| 14:19 | Build | Gate |
| 15:43 | Build | House |
| 15:45 | Build | House |
| 15:46 | Build | Palisade Wall |
| 15:48 | Build | House |
| 15:57 | Build | Town Center |
| 16:06 | Build | Palisade Wall |
| 16:09 | Build | Palisade Wall |
| 16:10 | Build | Palisade Wall |
| 16:11 | Build | House |
| 16:36 | Research | Castle Age |
| 16:36 | Research | Castle Age |
| 16:41 | Build | House |
| 16:43 | Build | House |
| 17:44 | Build | House |
| 17:47 | Build | Palisade Wall |
| 17:50 | Build | House |
| 18:16 | Build | House |
| 18:48 | Build | House |
| 18:58 | Research | Double-Bit Axe |
| 19:08 | Build | Palisade Wall |
| 19:16 | Age | Castle Age |
| 19:17 | Build | Castle |
| 19:26 | Queue | Villager (Male) |
Build order — Donald J Trump
92 actions detected in the replay
| 0:00 | Queue | Villager (Male) |
| 0:01 | Queue | Villager (Male) |
| 0:01 | Queue | Villager (Male) |
| 0:02 | Build | House |
| 0:04 | Build | House |
| 0:09 | Queue | Villager (Male) |
| 0:09 | Queue | Villager (Male) |
| 1:11 | Queue | Villager (Male) |
| 1:12 | Queue | Villager (Male) |
| 1:48 | Queue | Villager (Male) |
| 1:49 | Queue | Villager (Male) |
| 1:49 | Queue | Villager (Male) |
| 2:07 | Queue | Villager (Male) |
| 2:07 | Queue | Villager (Male) |
| 2:24 | Queue | Villager (Male) |
| 2:24 | Queue | Villager (Male) |
| 2:34 | Build | Lumber Camp |
| 2:39 | Queue | Villager (Male) |
| 2:39 | Queue | Villager (Male) |
| 2:53 | Queue | Villager (Male) |
| 2:53 | Queue | Villager (Male) |
| 3:05 | Build | House |
| 3:06 | Build | House |
| 3:16 | Queue | Villager (Male) |
| 3:16 | Queue | Villager (Male) |
| 3:42 | Queue | Villager (Male) |
| 3:42 | Queue | Villager (Male) |
| 3:54 | Queue | Villager (Male) |
| 3:54 | Queue | Villager (Male) |
| 4:10 | Queue | Villager (Male) |
| 4:11 | Queue | Villager (Male) |
| 4:31 | Queue | Villager (Male) |
| 4:31 | Queue | Villager (Male) |
| 4:31 | Queue | Villager (Male) |
| 4:44 | Queue | Villager (Male) |
| 4:45 | Queue | Villager (Male) |
| 5:10 | Queue | Villager (Male) |
| 5:10 | Queue | Villager (Male) |
| 5:22 | Queue | Villager (Male) |
| 5:22 | Queue | Villager (Male) |
| 5:42 | Queue | Villager (Male) |
| 5:43 | Queue | Villager (Male) |
| 6:01 | Queue | Villager (Male) |
| 6:01 | Queue | Villager (Male) |
| 6:35 | Queue | Villager (Male) |
| 6:35 | Queue | Villager (Male) |
| 6:47 | Research | Loom |
| 6:47 | Queue | Villager (Male) |
| 6:47 | Queue | Villager (Male) |
| 6:48 | Queue | Villager (Male) |
| 6:48 | Queue | Villager (Male) |
| 6:48 | Queue | Villager (Male) |
| 7:07 | Queue | Villager (Male) |
| 7:07 | Queue | Villager (Male) |
| 7:18 | Queue | Villager (Male) |
| 7:18 | Queue | Villager (Male) |
| 7:22 | Build | House |
| 7:23 | Build | House |
| 7:25 | Build | House |
| 7:48 | Build | Mining Camp |
| 8:50 | Build | Town Center |
| 9:45 | Queue | Villager (Male) |
| 9:45 | Queue | Villager (Male) |
| 9:46 | Queue | Villager (Male) |
| 10:14 | Build | Mill |
| 11:11 | Build | Mill |
| 12:10 | Build | House |
| 12:12 | Build | Barracks |
| 12:24 | Build | Barracks |
| 12:42 | Build | Town Center |
| 12:57 | Build | Town Center |
| 13:21 | Queue | Militia |
| 13:21 | Queue | Militia |
| 13:39 | Queue | Villager (Male) |
| 13:39 | Queue | Villager (Male) |
| 13:39 | Queue | Villager (Male) |
| 14:56 | Queue | Villager (Male) |
| 14:56 | Queue | Villager (Male) |
| 15:27 | Queue | Villager (Male) |
| 15:27 | Queue | Villager (Male) |
| 16:29 | Queue | Militia |
| 16:29 | Queue | Militia |
| 17:08 | Build | House |
| 17:29 | Build | Palisade Wall |
| 17:42 | Queue | Militia |
| 17:42 | Queue | Militia |
| 17:43 | Queue | Militia |
| 17:43 | Queue | Militia |
| 18:52 | Queue | Militia |
| 18:52 | Queue | Militia |
| 19:07 | Build | Palisade Wall |
| 19:28 | Build | Town Center |
Match timeline
| 10:56 | DeliManyak · age_up feudal |
| 11:17 | DeliManyak · wall_segment Palisade Wall x1 |
| 11:21 | DeliManyak · wall_segment Palisade Wall x1 |
| 12:12 | Donald J Trump · first_building Barracks |
| 13:29 | DeliManyak · first_market_sell 100 wood |
| 13:30 | DeliManyak · first_market_buy 100 food |
| 15:46 | DeliManyak · wall_segment Palisade Wall x1 |
| 16:06 | DeliManyak · wall_segment Palisade Wall x1 |
| 16:09 | DeliManyak · wall_segment Palisade Wall x1 |
| 16:10 | DeliManyak · wall_segment Palisade Wall x1 |
| 17:29 | Donald J Trump · wall_segment Palisade Wall x18 |
| 17:47 | DeliManyak · wall_segment Palisade Wall x1 |
| 19:07 | Donald J Trump · wall_segment Palisade Wall x7 |
| 19:08 | DeliManyak · wall_segment Palisade Wall x1 |
| 19:16 | DeliManyak · age_up castle |
| 19:17 | DeliManyak · first_building Castle |
| 20:05 | Donald J Trump · resign |
[ AI ANALYSIS · 1 CREDIT ]
What really happened in this match?
Wolo.gg analyzes every decision: build order, eco, micro, common mistakes by bracket. Personalized analysis on WhatsApp or Discord in 30 seconds.
Civ guide
Bohemians
Perfil
Jugador #346344